 Dungeon Crawl Stone Soup version 0.23-a0-422-g30b1108d6a (webtiles) character file.

14673 Moesh the Cleaver (level 11, -4/101 HPs)
             Began as a Minotaur Fighter on Nov 15, 2018.
             Was the Champion of Okawaru.
             Slain by a slime creature (12 damage)
             ... on level 12 of the Dungeon.
             The game lasted 00:27:24 (10286 turns).

Moesh the Cleaver (Minotaur Fighter)               Turns: 10286, Time: 00:27:25

Health: -4/101     AC: 20    Str: 26    XL:     11   Next: 91%
Magic:  10/10      EV: 11    Int:  5    God:    Okawaru [******]
Gold:   838        SH: 12    Dex: 11    Spells: 10/10 levels left

rFire    + + .     SeeInvis .   a - +4 war axe
rCold    + . .     Gourm    .   c - +0 shield
rNeg     . . .     Faith    .   G - +4 chain mail {rF+}
rPois    .         Spirit   .   (helmet restricted)
rElec    .         Reflect  .   w - scarf {rC+ rF+}
rCorr    .         Harm     .   (no gloves)
MR       +....                  (no boots)
Stlth    ..........             (no amulet)
HPRegen  0.26/turn              I - +2 ring of protection
MPRegen  0.12/turn              y - +3 ring of strength

@: no status effects
A: retaliatory headbutt, horns 2, rugged brown scales 1, yellow scales 1, magic
resistance 1
a: Heroism, Finesse, Renounce Religion


You were on level 12 of the Dungeon.
You worshipped Okawaru.
Okawaru was exalted by your worship.
You were very hungry.

You visited 2 branches of the dungeon, and saw 13 of its levels.

You collected 838 gold pieces.

Inventory:

Hand Weapons
 a - a +4 war axe (weapon)
 H - a +1 hand axe of flaming
Missiles
 b - 3 throwing nets (quivered)
Armour
 c - a +0 shield (worn)
 s - a +3 chain mail of magic resistance
 w - a scarf of resistance (worn)
 B - a cursed +0 cloak
 G - a +4 chain mail of fire resistance (worn)
 M - a +0 plate armour
Jewellery
 e - an uncursed ring of fire
 u - a +4 ring of dexterity
 y - a +3 ring of strength (right hand)
 z - an uncursed ring of protection from cold
 D - a +2 ring of intelligence
 I - a +2 ring of protection (left hand)
 L - an uncursed ring of see invisible
Wands
 d - a wand of iceblast (9)
 r - a wand of enslavement (7)
 F - a wand of flame (17)
 J - a wand of digging (15)
Scrolls
 g - 5 scrolls of remove curse
 h - 4 scrolls of teleportation
 l - 2 scrolls of magic mapping
 m - 2 scrolls of blinking
 E - 3 scrolls of identify
Potions
 i - a potion of ambrosia
 j - 2 potions of flight
 k - 6 potions of curing
 n - 3 potions of lignification
 o - 2 potions of mutation
 p - a potion of brilliance
 q - 2 potions of resistance
 t - a potion of might
 v - a potion of magic
 x - 2 potions of agility
 C - 3 potions of heal wounds
 K - a potion of berserk rage {unknown}
Comestibles
 f - 19 rations


   Skills:
 + Level 10.1 Fighting
 * Level 13.3 Axes
 + Level 10.3 Armour
 + Level 8.6 Dodging
 + Level 10.1 Shields


You had 10 spell levels left.
You didn't know any spells.
Your spell library contained the following spells:

 Spells                   Type           Power        Failure   Level  Hunger
 Magic Dart               Conj           #...         99%         1    ##.....
 Searing Ray              Conj           #.....       100%        2    ###....
 Dazzling Spray           Conj/Hex       #.....       100%        3    ####...
 Force Lance              Conj/Tloc      #.......     100%        4    #####..
 Fulminant Prism          Conj/Hex       #.........   100%        4    #####..
 Iskenderun's Mystic Bla  Conj           #.......     100%        4    #####..


Dungeon Overview and Level Annotations

Branches:
Dungeon (12/15)            Temple (1/1) D:5            Lair (0/6) D:9
    Orc (0/2) D:12

Altars:
Ashenzari
Cheibriados
Dithmenos
Elyvilon
Fedhas
Gozag
Hepliaklqana
Kikubaaqudgha
Makhleb
Nemelex Xobeh
Okawaru
Qazlal
Ru
Sif Muna
Trog
Uskayaw
Vehumet
Wu Jian
Xom
Yredelemnul
Zin
The Shining One
Beogh

Shops:
D:4 [   D:7 *


Innate Abilities, Weirdness & Mutations

You reflexively headbutt those who attack you in melee.
You have a pair of horns on your head.
You are partially covered in rugged brown scales. (AC +1, +3% HP)
You are partially covered in yellow scales. (AC +2)
You are resistant to hostile enchantments. (MR+)


Message History

You slash the slime creature!
You slash the very large slime creature!
You slash the slime creature! The slime creature closely misses you.
You barely miss the slime creature. You headbutt the slime creature.
The slime creature is heavily wounded.
You hit the very large slime creature. You slash the slime creature!
You slash the cyclops!
The slime creature hits you but does no damage.
The slime creature hits you. The cyclops barely misses you.
Unknown command.
You slice the slime creature!!
The slime creature is almost dead.
You slash the cyclops! You barely miss the slime creature.
You slash the very large slime creature!
You block the slime creature's attack.
The very large slime creature hits you!!!
Ouch! That really hurt!
* * * LOW HITPOINT WARNING * * *
The slime creature hits you!
You die...

######......................[.#
..........†...........#'#####.#
......................#.....#.###
......................#.....#....
####..................#..†..#....
#......#####.......#.....+....
#......#...####....#.....#...#
#......#....JJ#....#.....#...#
####......#....J@'....#.....#...'
..........#....C<#(...#######...'
..####....#.$....#..............#
###..#....#+######...#########..#
.....#...............#.......'...
.....#...............#.......#...
.....#....##########.#.......#...
.....#....# #.#.......#...
.....#....# #.#.......#...


You could see a very large slime creature, 2 slime creatures and a cyclops.

Vanquished Creatures
  A hydra (D:9)
  2 two-headed ogres
  2 unseen horrors
  An ugly thing (D:11)
  2 cyclopes
  A manticore (D:7)
  2 centaur zombies (D:12)
  A troll (D:12)
  A hornet (D:11)
  A wind drake (shapeshifter) (D:11)
  2 slime creatures
  2 dream sheep (D:9)
  A hippogriff (D:9)
  Sigmund (D:2)
  A wyvern (D:12)
  3 yaks
  A hungry ghost (D:11)
  2 vampire mosquitoes (D:11)
  A soldier ant (D:11)
  An acid dragon (D:11)
  A water moccasin (D:11)
  A necrophage (D:8)
  13 orc warriors
  4 ice beasts
  3 sky beasts
  A black bear (D:8)
  7 ogres
  2 phantoms
  5 centaurs
  5 big kobolds
  2 bullfrogs
  4 scorpions
  A wyvern skeleton (D:4)
  A hornet simulacrum (D:11)
  5 killer bees
  5 wights (D:8)
  6 crimson imps
  A bullfrog zombie (D:12)
  5 hounds
  A quasit (D:9)
  5 jellies
  16 orc priests
  A bullfrog skeleton (D:4)
  20 orc wizards
  Ijyb (D:3)
  5 iguanas
  9 worker ants
  A hound skeleton (D:10)
  8 gnolls
  10 adders
  A shadow imp (D:10)
  An ooze (D:2)
  4 adder zombies
  4 worms
  4 dart slugs
  4 leopard geckos
  61 orcs
  5 ball pythons
  2 giant cockroaches (D:1)
  12 goblins
  8 hobgoblins
  13 jackals
  6 quokkas
  14 bats
  4 frilled lizards
  21 kobolds
  8 rats
350 creatures vanquished.

Vanquished Creatures (others)
  A wizard (D:4)
  A sky beast (D:11)
  4 fungi (D:11)
  3 toadstools (D:11)
9 creatures vanquished.

Grand Total: 359 creatures vanquished

Notes
Turn   | Place    | Note
-------+----------+-------------------------------------------
     0 | D:1      | Moesh the Minotaur Fighter began the quest for the Orb.
     0 | D:1      | Reached XP level 1. HP: 19/19 MP: 0/0
    39 | D:1      | Reached XP level 2. HP: 25/27 MP: 1/1
    53 | D:1      | Reached skill level 3 in Axes
   326 | D:1      | Reached XP level 3. HP: 30/33 MP: 2/2
   688 | D:2      | Reached skill level 1 in Dodging
  1095 | D:2      | Noticed Sigmund
  1110 | D:2      | Killed Sigmund
  1110 | D:2      | Reached skill level 4 in Axes
  1110 | D:2      | Reached XP level 4. HP: 20/41 MP: 3/3
  1110 | D:2      | Reached XP level 5. HP: 23/47 MP: 4/4
  1888 | D:3      | Reached XP level 6. HP: 42/53 MP: 5/5
  1895 | D:3      | Noticed Ijyb
  1918 | D:3      | Killed Ijyb
  1973 | D:3      | Reached skill level 5 in Axes
  2203 | D:3      | Found an opulent altar of Gozag.
  2585 | D:4      | Reached skill level 5 in Fighting
  2585 | D:4      | Reached skill level 5 in Armour
  2585 | D:4      | Reached skill level 5 in Shields
  2724 | D:4      | Found Wikaerir's Armour Boutique.
  2812 | D:4      | Reached XP level 7. HP: 42/61 MP: 6/6
  3139 | D:4      | Found a bloodstained altar of Trog.
  3140 | D:4      | Noticed a wizard
  3146 | D:4      | Killed a wizard
  3263 | D:4      | Reached skill level 6 in Axes
  3714 | D:5      | Entered Level 5 of the Dungeon
  3741 | D:5      | Found a staircase to the Ecumenical Temple.
  3748 | Temple   | Entered the Ecumenical Temple
  3809 | Temple   | Became a worshipper of Warmaster Okawaru
  4475 | D:5      | Found a sacrificial altar of Ru.
  4479 | D:5      | Found a glowing silver altar of Zin.
  4482 | D:5      | Found a shattered altar of Ashenzari.
  4768 | D:6      | Gained mutation: You are partially covered in rugged brown
                  | scales. (AC +1, +3% HP) [potion of mutation]
  4768 | D:6      | Gained mutation: You are resistant to hostile enchantments.
                  | (MR+) [potion of mutation]
  4768 | D:6      | Gained mutation: You are partially covered in yellow
                  | scales. (AC +2) [potion of mutation]
  5103 | D:6      | Reached XP level 8. HP: 72/72 MP: 7/7
  5105 | D:6      | Reached skill level 7 in Axes
  5298 | D:7      | Reached * piety under Okawaru
  5351 | D:7      | Found Ruwinuxi's General Store.
  5371 | D:7      | Noticed a manticore
  5377 | D:7      | Killed a manticore
  5377 | D:7      | Reached skill level 8 in Axes
  5513 | D:7      | Reached ** piety under Okawaru
  5545 | D:7      | Reached XP level 9. HP: 73/80 MP: 8/8
  5661 | D:7      | Reached skill level 5 in Dodging
  5841 | D:8      | Reached skill level 9 in Axes
  5976 | D:8      | Reached *** piety under Okawaru
  6142 | D:8      | Found an ornate altar of the Wu Jian Council.
  6359 | D:8      | Found a glowing golden altar of the Shining One.
  6360 | D:8      | Found a shadowy altar of Dithmenos.
  6420 | D:9      | Reached skill level 10 in Axes
  6426 | D:9      | Noticed a two-headed ogre
  6436 | D:9      | Killed a two-headed ogre
  6436 | D:9      | Reached **** piety under Okawaru
  6436 | D:9      | Reached XP level 10. HP: 54/90 MP: 9/9
  6444 | D:9      | Found an iron altar of Okawaru.
  6561 | D:9      | Found a staircase to the Lair.
  6634 | D:9      | Found a transporter.
  6664 | D:9      | Found a roughly hewn altar of Beogh.
  6664 | D:9      | Found a transporter.
  7075 | D:9      | Reached skill level 11 in Axes
  7075 | D:9      | Reached ***** piety under Okawaru
  7270 | D:9      | Noticed a two-headed hydra
  7274 | D:9      | Killed a one-headed hydra
  7328 | D:9      | Found a radiant altar of Vehumet.
  7617 | D:10     | Entered Level 10 of the Dungeon
  7710 | D:10     | Found a burning altar of Makhleb.
  7710 | D:10     | Noticed an Executioner
  7780 | D:10     | Received a gift from Okawaru
  8168 | D:10     | Noticed a cyclops
  8176 | D:10     | Killed a cyclops
  8176 | D:10     | Reached XP level 11. HP: 82/99 MP: 10/10
  8251 | D:10     | Reached skill level 12 in Axes
  8546 | D:11     | Killed an unseen horror
  8574 | D:11     | Noticed a white ugly thing
  8583 | D:11     | Killed a white ugly thing
  9568 | D:12     | Noticed a two-headed ogre
  9575 | D:12     | Killed a two-headed ogre
  9614 | D:12     | Reached skill level 13 in Axes
  9614 | D:12     | Reached skill level 10 in Armour
  9748 | D:12     | Reached skill level 10 in Shields
  9919 | D:12     | Killed an unseen horror
  9919 | D:12     | Reached ****** piety under Okawaru
  9919 | D:12     | Reached skill level 10 in Fighting
  9939 | D:12     | Found a roughly hewn altar of Beogh.
 10173 | D:12     | Found a staircase to the Orcish Mines.
 10284 | D:12     | Received a gift from Okawaru
 10286 | D:12     | Slain by a slime creature

Vault maps used:
D:1:      lightli_arrival_chessboard, minivault_24, serial_bayou_lagoon_a
D:2:      chequers_decorated_corner, minmay_hedge_maze, minmay_cut_off,
          uniq_sigmund
D:3:      nicolae_overflow_hidden_temple, uniq_ijyb
D:4:      minmay_door_path, first_ration, serial_shops, shop,
          hangedman_decor_opposing, trog_wizard
D:5:      minmay_overflow_temple_star_quad, temple_fountains
D:7:      serial_shops, kennysheep_mini_moat
D:8:      gammafunk_temple_overflow_pools, basic_altar
D:9:      gammafunk_beogh_shrine, overflow_temple_1_default, dpeg_oklobed_lair,
          hangedman_ranch, okawaru_ov_weapons_minmay
D:10:     makhleb_altar_promises_db
D:11:     minmay_opposing_rooms, minmay_gold_behind_fungi
D:12:     david_orc_5
Temple:   zaba_magenta_temple

Skill      XL: |  1  2  3  4  5  6  7  8  9 10 11 |
---------------+----------------------------------+-----
Axes           | 3 4 5 6 8 10 11 13 | 13.3
Fighting       | 4 5 6 8 9 10 | 10.1
Armour         | 4 5 6 8 9 10 | 10.3
Dodging        | 2 3 4 6 7 8 |  8.6
Shields        | 4 5 6 7 9 10 | 10.1

Action                   |  1- 3 |  4- 6 |  7- 9 | 10-12 || total
-------------------------+-------+-------+-------+-------++-------
Melee: War axe           |    97 |   137 |   229 |   354 ||   817
       Headbutt          |    17 |    19 |    57 |    90 ||   183
       Hand axe          |       |       |       |    14 ||    14
  Use: Potion            |     1 |       |     1 |     4 ||     6
       Scroll            |       |     9 |    11 |     7 ||    27
  Eat: Chunk             |       |     7 |    11 |     5 ||    23
       Ration            |       |       |       |     2 ||     2
Armor: Scale mail        |    70 |    30 |       |       ||   100
       Chain mail        |       |    28 |   120 |   124 ||   272
Dodge: Dodged            |    40 |    42 |    87 |   117 ||   286
Block: Shield            |    73 |    85 |   143 |   190 ||   491

Table legend:
 A = Non-vault XP
 B = Vault XP
 C = Vault XP percentage of total XP
 D = Non-vault monster count
 E = Vault monster count
 F = Vault count percentage of total count
                 A         B        C        D         E       F
            +---------+---------+-------+---------+---------+-------
      Total |   15321 |    5641 |  26.9 |     289 |      62 |  17.7
            +---------+---------+-------+---------+---------+-------
        D:1 |      49 |       0 |   0.0 |      29 |       0 |   0.0
        D:2 |      54 |     223 |  80.5 |      23 |       3 |  11.5
        D:3 |      79 |      38 |  32.5 |      33 |       1 |   2.9
        D:4 |     605 |      15 |   2.4 |      27 |       1 |   3.6
        D:5 |     302 |       0 |   0.0 |       8 |       0 |   0.0
        D:6 |     104 |       0 |   0.0 |      10 |       0 |   0.0
        D:7 |    1670 |       0 |   0.0 |      30 |       0 |   0.0
        D:8 |    1483 |       0 |   0.0 |      25 |       0 |   0.0
        D:9 |    1772 |    2998 |  62.9 |      13 |      24 |  64.9
       D:10 |    1943 |       0 |   0.0 |      34 |       0 |   0.0
       D:11 |    3631 |    1652 |  31.3 |      35 |      10 |  22.2
       D:12 |    3629 |     715 |  16.5 |      22 |      23 |  51.1
            +---------+---------+-------+---------+---------+-------
